 Dungeon Crawl Stone Soup version 0.28.0-53-g5a82cb258f (webtiles) character file.

Game seed: 7816485928207421069

382 styxcanada the Covert (level 6, -6/32 HPs)
             Began as a Spriggan Brigand on Aug 18, 2022.
             Was an Initiate of Gozag.
             Mangled by a black bear (9 damage)
             ... on level 5 of the Dungeon.
             The game lasted 00:15:15 (5595 turns).

styxcanada the Covert (Spriggan Brigand)            Turns: 5595, Time: 00:15:16

Health: -6/32      AC:  4    Str:  7    XL:     6   Next: 47%
Magic:  10/10      EV: 19    Int: 13    God:    Gozag
Gold:   174        SH:  0    Dex: 18    Spells: 9/9 levels left

rFire   . . .      SeeInvis +   a - +2 dagger
rCold   + . .      Faith    .   (no shield)
rNeg    + . .      Spirit   .   A - +1 robe "Bufalir" {*Corrode rPois Will+ SInv}
rPois   +          Reflect  .   (helmet restricted)
rElec   .          Harm     .   c - +0 cloak
rCorr   +          Rampage  .   (gloves unavailable)
Will    +++..                   (boots unavailable)
Stlth   ++++......              y - amulet of the acrobat
HPRegen 0.10/turn               o - ring of resist corrosion
MPRegen 0.12/turn               z - ring of Xom's Best Wishes {rC+ rN+ Will+}

@: very quick
A: very small, no large weapons, unfitting armour, see invisible, speed 3
a: Renounce Religion, Potion Petition, Call Merchant, Bribe Branch


You were on level 5 of the Dungeon.
You worshipped Gozag.
Gozag was aware of your devotion.
You visited 2 branches of the dungeon, and saw 6 of its levels.

You collected 224 gold pieces.
You paid 50 gold pieces to Gozag.

Inventory:

Hand Weapons
 a - a +2 dagger (weapon)
 p - a +0 hunting sling
Missiles
 d - 9 poisoned darts (quivered)
 e - 2 curare-tipped darts
 j - 6 silver boomerangs
 k - 84 stones
 u - 3 boomerangs
 x - 13 sling bullets
Armour
 c - a +0 cloak (worn)
 A - the +1 robe "Bufalir" (worn) {*Corrode rPois Will+ SInv}
   (You found it on level 4 of the Dungeon)

   rPois:     It protects you from poison.
   SInv:      It lets you see invisible.
   *Corrode:  It may corrode you when you take damage.
   Will:      It increases your willpower.
Jewellery
 o - a ring of resist corrosion (left hand)
 y - an amulet of the acrobat (around neck)
 z - the ring of Xom's Best Wishes (right hand) {rC+ rN+ Will+}
   (You found it on level 4 of the Dungeon)

   [ring of protection from cold]

   rC:        It protects you from cold.
   rN:        It protects you from negative energy.
   Will:      It increases your willpower.
Scrolls
 b - a scroll of immolation {unknown}
 f - a scroll of enchant weapon {unknown}
 g - a scroll of summoning {unknown}
 i - 4 scrolls of identify {unknown}
 n - 3 scrolls of magic mapping {unknown}
 q - a scroll of brand weapon {unknown}
 r - 3 scrolls of teleportation {unknown}
 t - a scroll of enchant armour {unknown}
 v - a scroll of torment {unknown}
Potions
 h - 2 potions of curing {unknown}
 l - a potion of heal wounds {unknown}
 m - a potion of might {unknown}
 s - a potion of brilliance {unknown}
 w - a potion of flight {unknown}
 B - a potion of mutation {unknown}


   Skills:
 * Level 2.6 Fighting
 + Level 3.3 Short Blades
 + Level 2.8 Throwing
 * Level 4.4 Dodging
 * Level 8.1 Stealth
 * Level 2.1 Spellcasting


You had 9 spell levels left.
You didn't know any spells.
Your spell library contained the following spells:

 Spells                   Type           Power      Damage    Failure   Level
 Static Discharge         Conj/Air       1%         N/A       36%         2
 Call Canine Familiar     Summ           1%         N/A       58%         3
 Portal Projectile        Hex/Tloc       2%         N/A       58%         3
 Stone Arrow              Conj/Erth      2%         3d7       58%         3
 Leda's Liquefaction      Hex/Erth       0%         N/A       94%         4


Dungeon Overview and Level Annotations

Branches:
Dungeon (5/15)             Temple (1/1) D:4

Altars:
Cheibriados
Dithmenos
Gozag
Nemelex Xobeh
Okawaru
Vehumet


Innate Abilities, Weirdness & Mutations

You are very small and have problems with some larger weapons.
You are too small for most types of armour.
You have supernaturally acute eyesight. (SInv)
You cover ground extremely quickly. (Speed+++)


Message History

Aim: a black bear (moderately wounded, poisoned, 70% to hit)
You throw a poisoned dart. The poisoned dart hits the black bear.
The black bear looks even sicker.
The black bear is moderately wounded.
Throw: 11 darts (poison)
Press: ? - help, Q - select action, (/) - cycle Shift-Dir - straight line, f/p - black bear
Aim: a black bear (moderately wounded, very poisoned, 70% to hit)
You throw a poisoned dart. The poisoned dart hits the black bear!
The black bear looks as sick as possible!
The black bear is moderately wounded.
Throw: 10 darts (poison)
Press: ? - help, Q - select action, (/) - cycle Shift-Dir - straight line, f/p - black bear
Aim: a black bear (moderately wounded, extremely poisoned, 70% to hit)
You throw a poisoned dart. The poisoned dart hits the black bear.
The black bear looks as sick as possible!
The black bear is moderately wounded.
An orc comes into view. It is wielding a +0 flail.
The orc shouts!
You hit the orc but do no damage. The orc hits you with a +0 flail!
You closely miss the orc. The orc completely misses you.
You hit the orc.
The orc is heavily wounded.
The orc misses you.
You closely miss the orc.
The orc is heavily wounded.
The black bear goes berserk!
You barely miss the orc.
The orc is heavily wounded.
The black bear bites you. The black bear misses you. The black bear claws you.
* * * LOW HITPOINT WARNING * * *
The orc hits you with a +0 flail.
* * * LOW HITPOINT WARNING * * *
You barely miss the orc.
The orc is heavily wounded.
The black bear barely misses you. The black bear claws you.
* * * LOW HITPOINT WARNING * * *
The black bear closely misses you. The orc misses you.
The black bear bites you!
You die...
Your body crumbles into a pile of gold.

##..# ...# #...
#..# ##..####
#.#..o(.
#$..'## #######
##..# #.@h..#
#.####..#
#o###.#
#....<..# #.
#.# ######..#
#. #h# ##.# #.
#(# #.# #. #.#
##)# #. #(#
#..# .. #.####
#..+##
#...(#####.....


You could see a black bear (berserk, very poisoned) and an orc.

Vanquished Creatures
  A sky beast (D:4)
  An ogre (D:4)
  2 vampire bats (D:3)
  An iguana (D:4)
  An adder (D:2)
  An ufetubus (D:4)
  3 dart slugs
  8 orcs (D:3)
  8 ball pythons
  9 bats
  4 endoplasms
  3 giant cockroaches
  5 goblins
  A hobgoblin (D:2)
  7 jackals (D:1)
  A quokka (D:1)
  2 frilled lizards
  11 kobolds
  3 rats
72 creatures vanquished.

Vanquished Creatures (others)
  28 plants (D:4)
28 creatures vanquished.

Grand Total: 100 creatures vanquished

Notes
Turn   | Place    | Note
-------+----------+-------------------------------------------
     0 | D:1      | styxcanada the Spriggan Brigand began the quest for the
                  | Orb.
     0 | D:1      | Reached XP level 1. HP: 10/10 MP: 2/2
    24 | D:1      | Reached skill level 6 in Stealth
   152 | D:1      | Reached XP level 2. HP: 6/15 MP: 3/3
   378 | D:1      | Got Xyasa's Almanac of Attacks
  1125 | D:2      | Found a faded altar of an unknown god.
  1158 | D:2      | Reached XP level 3. HP: 5/18 MP: 4/4
  2731 | D:3      | Reached skill level 7 in Stealth
  3065 | D:3      | Reached XP level 4. HP: 23/23 MP: 5/5
  3357 | D:3      | Reached skill level 1 in Spellcasting
  3357 | D:3      | Reached XP level 5. HP: 15/27 MP: 7/7
  4157 | D:4      | Noticed a sky beast
  4224 | D:4      | Killed a sky beast
  4225 | D:4      | Reached XP level 6. HP: 32/32 MP: 9/9
  4296 | D:4      | Found a staircase to the Ecumenical Temple.
  4308 | Temple   | Entered the Ecumenical Temple
  4421 | Temple   | Became a worshipper of Gozag Ym Sagoz the Greedy
  4510 | D:4      | Identified the ring of Xom's Best Wishes {rC+ rN+ Will+}
  4555 | D:4      | Reached skill level 8 in Stealth
  5087 | D:4      | Identified the +1 robe "Bufalir" {*Corrode rPois Will+
                  | SInv}
  5541 | D:5      | Entered Level 5 of the Dungeon
  5595 | D:5      | Mangled by a black bear

Illustrated notes

Levels and vault maps discovered:
D:1:      amcnicky_arrival_single_pillar, layout_basic
D:2:      layout_rooms, nicolae_ecumenical_snake_handling,
          nicolae_figureground_sparkle
D:3:      layout_basic, roderic_batcave, nrook_loot_triangle
D:4:      layout_loops_ring, minmay_temple_entry_statues_pillars, serial_bayou,
          serial_bayou_lake_a, serial_bayou_pond_a, serial_bayou_crossing,
          serial_bayou_lagoon_a
D:5:      layout_loops_ring, minivault_11
Temple:   mainiacjoe_temple_trianglar_array

Skill      XL: |  1  2  3  4  5  6 |
---------------+-------------------+-----
Stealth        | 6 7 8 |  8.1
Dodging        | 2 3 4 |  4.4
Fighting       | 2 |  2.6
Short Blades   | 3 |  3.3
Spellcasting   | 1 2 |  2.1
Throwing       | |  2.8

Action                   |  1- 3 |  4- 6 || total
-------------------------+-------+-------++-------
Melee: Dagger            |   150 |   103 ||   253
       Punch             |       |     1 ||     1
Throw: Dart              |    21 |    36 ||    57
 Stab: Sleeping          |    12 |     4 ||    16
       Distracted        |     1 |       ||     1
Armor: Robe              |    24 |    25 ||    49
Dodge: Dodged            |    84 |   117 ||   201
